 Dungeon Crawl Stone Soup version 0.28-a0-794-gafe8c5f9e9 (webtiles) character file.

Game seed: 15975056231466941895

14792 Gwenloh the Cleaver (level 11, -7/104 HPs)
             Began as a Deep Dwarf Fighter on Nov 5, 2021.
             Was an Elder of Makhleb.
             Mangled by a boulder beetle (20 damage)
             ... on level 11 of the Dungeon.
             The game lasted 00:53:01 (10424 turns).

Gwenloh the Cleaver (Deep Dwarf Fighter)           Turns: 10424, Time: 00:53:02

Health: -7/104     AC: 13    Str: 21    XL:     11   Next: 93%
Magic:  6/6        EV:  9    Int:  8    God:    Makhleb [****..]
Gold:   874        SH:  7    Dex: 21    Spells: 10/10 levels left

rFire   . . .      SeeInvis .   a - +2 broad axe (freeze)
rCold   . . .      Faith    .   c - +1 buckler
rNeg    . . .      Spirit   .   h - +0 chain mail
rPois   .          Reflect  .   y - +0 helmet
rElec   .          Harm     .   (no cloak)
rCorr   +          Rampage  .   (no gloves)
Will    +....                   (no boots)
Stlth   ..........              D - amulet of the acrobat
HPRegen 0.00/turn               j - ring of resist corrosion
MPRegen 0.10/turn               L - ring of Zeipn {rCorr Dex+6}

@: about to teleport
A: damage resistance, heal wounds, sense surroundings 2, no regeneration
a: Heal Wounds, Renounce Religion, Minor Destruction, Lesser Servant of Makhleb,
Major Destruction


You were on level 11 of the Dungeon.
You worshipped Makhleb.
Makhleb was greatly pleased with you.
You visited 2 branches of the dungeon, and saw 12 of its levels.

You collected 874 gold pieces.

Inventory:

Hand Weapons
 a - a +2 broad axe of freezing (weapon)
 b - a +0 hand crossbow
 u - a +0 trident
 v - a +0 flail of venom
 F - a +0 hunting sling
 G - a +1 hand axe of flaming
 J - a +0 war axe of venom
Missiles
 i - 172 sling bullets
 n - 226 stones
 t - 2 boomerangs
 w - 39 bolts
 x - 2 javelins
 z - 6 throwing nets
Armour
 c - a +1 buckler (worn)
 h - a +0 chain mail (worn)
 m - a +1 scale mail
 y - a +0 helmet (worn)
 K - a +0 plate armour
Jewellery
 j - a ring of resist corrosion (left hand)
 D - an amulet of the acrobat (around neck)
 L - the ring of Zeipn (right hand) {rCorr Dex+6}
   (You acquired it on level 10 of the Dungeon)

   [ring of dexterity]

   Dex:       It affects your dexterity (+6).
   rCorr:     It protects you from acid and corrosion.
 S - a ring of willpower
Wands
 q - a wand of acid (10) (quivered)
 E - a wand of mindburst (9)
 H - a wand of iceblast (19)
 M - a wand of digging (8)
 N - a wand of flame (11)
Scrolls
 d - 2 scrolls of amnesia
 f - a scroll of blinking
 g - 3 scrolls of teleportation
 l - 3 scrolls of magic mapping
 A - 2 scrolls of summoning
 B - 2 scrolls of brand weapon
 C - a scroll of fear
 O - a scroll of silence {unknown}
 T - a scroll of fog {unknown}
 U - a scroll of enchant weapon
Potions
 e - a potion of lignification
 k - 3 potions of brilliance
 o - 6 potions of curing
 p - 2 potions of degeneration {unknown}
 r - a potion of ambrosia {unknown}
 s - 2 potions of resistance {unknown}
 I - a potion of might
 Q - a potion of haste {unknown}
 R - a potion of attraction {unknown}
Miscellaneous
 P - a phantom mirror


   Skills:
 * Level 8.6 Fighting
 + Level 13.2 Axes
 + Level 1.1(1.4) Slings
 - Level 0.5 Crossbows
 - Level 1.0(1.2) Throwing
 * Level 10.9 Armour
 - Level 1.2 Dodging
 - Level 0.8 Stealth
 + Level 6.5 Shields
 * Level 7.7 Invocations


You had 10 spell levels left.
You didn't know any spells.
Your spell library contained the following spells:

 Spells                   Type           Power      Damage    Failure   Level
 Shock                    Conj/Air       0%         1d3       95%         1
 Blink                    Tloc           0%         N/A       99%         2
 Passwall                 Tmut/Erth      0%         N/A       99%         2
 Static Discharge         Conj/Air       0%         N/A       99%         2
 Gell's Gravitas          Tloc           0%         N/A       100%        3
 Lesser Beckoning         Tloc           0%         N/A       100%        3
 Swiftness                Air            0%         N/A       100%        3
 Teleport Other           Tloc           0%         N/A       100%        3
 Tukima's Dance           Hex            0%         N/A       100%        3
 Airstrike                Air            0%         N/A       100%        4
 Dispel Undead            Necr           0%         3d6       100%        4
 Passage of Golubria      Tloc           0%         N/A       100%        4
 Sticky Flame             Conj/Fire      0%         2d3       100%        4
 Manifold Assault         Tloc           0%         N/A       100%        5
 Yara's Violent Unravell  Hex/Tmut       0%         3d3       100%        5
 Invisibility             Hex            0%         N/A       100%        6
 Storm Form               Tmut/Air       0%         N/A       100%        7


Dungeon Overview and Level Annotations

Branches:
Dungeon (11/15)            Temple (1/1) D:5
   Lair: D:8-11         Orc: D:9-12

Altars:
Ashenzari
Cheibriados
Dithmenos
Elyvilon
Fedhas
Gozag
Hepliaklqana
Kikubaaqudgha
Makhleb
Nemelex Xobeh
Okawaru
Qazlal
Ru
Sif Muna
Trog
Uskayaw
Vehumet
Wu Jian
Xom
Yredelemnul
Zin
The Shining One

Shops:
D:11 *

Annotations:
D:10 Erolcha


Innate Abilities, Weirdness & Mutations

You are resistant to damage.
You can heal yourself by infusing magical energy.
You passively map the area around you.
You do not regenerate.


Message History

w - 39 bolts (gained 1)
A quokka comes into view.
A rat, a river rat and a yak come into view.
Found 17 stones and a scroll labelled ANOSMAL URIGY.
The yak bellows!
You hear a deafening roar!
You hear a bellow!
A death yak comes into view.
A boulder beetle comes into view.
The quokka closely misses you.
You see here a scroll of enchant weapon.
The quokka bites you but does no damage.
A rat, a hell rat and a death yak come into view.
The death yak bellows!
You hear a bellow!
A hell rat comes into view.
The boulder beetle completely misses you.
The quokka closely misses you.
You see here a scroll of enchant weapon.
U - a scroll of enchant weapon The death yak bellows!
A yak comes into view.
The river rat barely misses you.
The quokka bites you but does no damage.
The boulder beetle bites you but does no damage.
A yak comes into view.
The quokka completely misses you.
The quokka bites you but does no damage.
The quokka completely misses you. The river rat bites you.
You hit the boulder beetle but do no damage.
The boulder beetle is severely wounded.
You barely miss the river rat. The river rat bites you.
* * * LOW HITPOINT WARNING * * *
You hit the boulder beetle but do no damage.
The boulder beetle is severely wounded.
You barely miss the river rat. The river rat barely misses you.
The boulder beetle bites you!!
* * * LOW HITPOINT WARNING * * *
Okay, then.
As you read the scroll of teleportation, it crumbles to dust.
You feel strangely unstable.
The boulder beetle seems less drained.
You block the river rat's attack. The boulder beetle bites you!!
You die...

, ,** ################
#.... , +
#..............# #.###
*
*#B....>........###....
,
,#..............#...###
,
+..............'.#...#
* *
#..........B...#####.#
, , * #..............#
#...# *
#####+########## #####
** ##@# , #Br# ## * *
#Y## * * * #.
#.rBr...... , * ###. ,
, * #..r.r..... #... ,
, *#..Y...(..., , #...
, ...(..rB.##* ,, ,#...
,, , +, .......Y.r.., ,
#... ,,,, ,
##.......Yr.. *.....


You could see 2 boulder beetles, 2 yaks, a hell rat, a river rat and a rat.

Vanquished Creatures
  Harold (D:7)
  Erica (D:10)
  2 two-headed ogres
  The ghost of anonymous the Chopper, a novice NaFi of Cheibriados (D:6)
  A manticore (D:8)
  A cyclops (D:11)
  Joseph (D:7)
  2 kobold demonologists
  The ghost of Domino the Chopper, an amateur MiBe of Trog (D:5)
  A slime creature (D:8)
  Grinder (D:6)
  Prince Ribbit (D:7)
  A hornet (D:8)
  A wraith (D:9)
  22 yaks
  Eustachio (D:4)
  Grum (D:9)
  3 steam dragons
  4 vampire mosquitoes (D:10)
  4 acid dragons
  A water moccasin (D:8)
  Duvessa (D:6)
  An ice beast (D:8)
  7 orc warriors
  A black bear (D:7)
  3 wolves (D:9)
  5 centaurs
  A phantom (D:6)
  2 kobold brigands
  A gnoll sergeant (D:8)
  3 bullfrogs
  A scorpion (D:6)
  Dowan (D:6)
  A water moccasin skeleton (D:5)
  3 electric eels (D:9)
  A howler monkey (D:7)
  2 hounds
  3 jellies
  4 orc priests
  4 centaur zombies
  A centaur skeleton (D:6)
  A gnoll shaman (D:7)
  3 iguanas
  8 orc wizards
  A killer bee zombie (D:8)
  A spectral howler monkey (D:6)
  A hound skeleton (D:5)
  4 howler monkey zombies
  A howler monkey skeleton (D:6)
  7 adders
  10 gnolls
  3 white imps
  3 worms
  5 dart slugs
  32 orcs
  10 endoplasms
  A giant cockroach (D:2)
  7 hobgoblins
  2 jackals (D:1)
  4 quokkas
  7 ball pythons
  6 bats
  7 frilled lizards
  5 goblins
  19 kobolds
  6 rats
252 creatures vanquished.

Vanquished Creatures (collateral kills)
  A cyclops (D:11)
  A wraith (D:11)
  An orc warrior (D:9)
  A centaur zombie (D:9)
4 creatures vanquished.

Vanquished Creatures (others)
  16 plants (D:8)
16 creatures vanquished.

Grand Total: 272 creatures vanquished

Notes
Turn   | Place    | Note
-------+----------+-------------------------------------------
     0 | D:1      | Gwenloh the Deep Dwarf Fighter began the quest for the Orb.
     0 | D:1      | Reached XP level 1. HP: 20/20 MP: 1/1
   121 | D:1      | Reached XP level 2. HP: 25/27 MP: 2/2
   537 | D:1      | Reached XP level 3. HP: 27/33 MP: 3/3
   639 | D:1      | Found a faded altar of an unknown god.
   931 | D:2      | Reached skill level 3 in Axes
  1151 | D:2      | Reached skill level 1 in Dodging
  1190 | D:2      | Reached XP level 4. HP: 22/42 MP: 4/4
  1263 | D:2      | Found a snail-covered altar of Cheibriados.
  2493 | D:3      | Reached skill level 1 in Throwing
  2514 | D:3      | Reached XP level 5. HP: 22/49 MP: 5/5
  2648 | D:3      | Noticed a centaur
  2660 | D:3      | Killed a centaur
  2661 | D:3      | Reached skill level 4 in Axes
  2876 | D:3      | Reached XP level 6. HP: 33/56 MP: 6/6
  3066 | D:4      | Noticed Eustachio
  3350 | D:4      | Killed Eustachio
  3351 | D:4      | Reached skill level 5 in Axes
  3351 | D:4      | Reached skill level 5 in Armour
  3356 | D:4      | Found a stormy altar of Qazlal.
  3586 | D:4      | Found a white marble altar of Elyvilon.
  4054 | D:5      | Entered Level 5 of the Dungeon
  4128 | D:5      | Found a staircase to the Ecumenical Temple.
  4135 | Temple   | Entered the Ecumenical Temple
  4181 | Temple   | Became a worshipper of Makhleb the Destroyer
  4426 | D:5      | Found a runed translucent gate.
  4426 | D:5      | Found a runed translucent gate.
  4426 | D:5      | Found a runed translucent gate.
  4428 | D:5      | Found an opulent altar of Gozag.
  4430 | D:5      | Noticed Domino's ghost (amateur MiBe)
  4431 | D:5      | Noticed an orc warrior
  4655 | D:5      | Reached XP level 7. HP: 49/63 MP: 7/7
  4767 | D:5      | Noticed a steam dragon
  4776 | D:5      | Killed a steam dragon
  4972 | D:5      | Reached skill level 6 in Axes
  4984 | D:5      | Killed Domino's ghost
  4985 | D:5      | Reached skill level 7 in Axes
  5058 | D:6      | Noticed Dowan
  5061 | D:6      | Noticed Duvessa
  5074 | D:6      | Killed Duvessa
  5075 | D:6      | Reached XP level 8. HP: 49/72 MP: 8/8
  5080 | D:6      | Killed Dowan
  5504 | D:6      | Noticed Grinder
  5522 | D:6      | Killed Grinder
  5523 | D:6      | Reached skill level 8 in Axes
  5581 | D:6      | Found a runed translucent gate.
  5581 | D:6      | Found a runed translucent gate.
  5581 | D:6      | Found a runed translucent gate.
  5588 | D:6      | Noticed anonymous's ghost (novice NaFi)
  5659 | D:6      | Reached * piety under Makhleb
  6083 | D:6      | Killed anonymous's ghost
  6084 | D:6      | Reached skill level 5 in Fighting
  6084 | D:6      | Reached skill level 9 in Axes
  6084 | D:6      | Gained mutation: You passively map the area around you.
                  | [Deep Dwarf growth]
  6084 | D:6      | Reached XP level 9. HP: 33/81 MP: 8/8
  6206 | D:7      | Noticed Prince Ribbit
  6218 | D:7      | Killed Prince Ribbit
  6443 | D:7      | Noticed Joseph
  6466 | D:7      | Killed Joseph
  6467 | D:7      | Reached skill level 10 in Axes
  6467 | D:7      | Reached skill level 1 in Invocations
  6599 | D:7      | Found a snail-covered altar of Cheibriados.
  6638 | D:7      | Noticed Harold
  6660 | D:7      | Killed Harold
  6661 | D:7      | Reached skill level 5 in Shields
  7109 | D:8      | Reached XP level 10. HP: 73/91 MP: 10/10
  7142 | D:8      | Reached ** piety under Makhleb
  7288 | D:8      | Reached skill level 11 in Axes
  7453 | D:8      | Reached skill level 5 in Invocations
  7475 | D:8      | Noticed a manticore
  7881 | D:8      | Killed a manticore
  7881 | D:8      | Reached *** piety under Makhleb
  7969 | D:8      | Reached skill level 1 in Slings
  8459 | D:9      | Reached skill level 12 in Axes
  8459 | D:9      | Reached XP level 11. HP: 92/100 MP: 8/8
  8479 | D:9      | Found an ornate altar of the Wu Jian Council.
  8504 | D:9      | Noticed Grum
  8526 | D:9      | Killed Grum
  8572 | D:9      | Reached skill level 10 in Armour
  8781 | D:9      | Noticed a two-headed ogre
  8793 | D:9      | Killed a two-headed ogre
  9240 | D:10     | Entered Level 10 of the Dungeon
  9277 | D:10     | Found an iron altar of Okawaru.
  9343 | D:10     | Noticed a two-headed ogre
  9357 | D:10     | Killed a two-headed ogre
  9596 | D:10     | Reached **** piety under Makhleb
  9642 | D:10     | Noticed Erolcha
  9699 | D:10     | Noticed Erica
  9718 | D:10     | Reached skill level 13 in Axes
  9719 | D:10     | Killed Erica
  9735 | D:10     | Identified a scroll of acquirement
  9736 | D:10     | Acquired the ring of Zeipn {rCorr Dex+6}
 10150 | D:11     | Found Ciofu's Island Escapes.
 10248 | D:11     | Noticed a boulder beetle
 10333 | D:11     | Noticed a boulder beetle
 10415 | D:11     | Noticed a death yak
 10415 | D:11     | Noticed a boulder beetle
 10417 | D:11     | Noticed a death yak
 10424 | D:11     | Mangled by a boulder beetle

Illustrated notes

Levels and vault maps discovered:
D:1:      heliophobic_arrival_dark_side_of_the_moon, layout_basic,
          hellmonk_ecumenical_altar_dog_temple
D:2:      layout_basic, basic_altar
D:3:      layout_basic
D:4:      layout_basic, grunt_qazlal_sundering, elyvilon_altar_4,
          nrook_campfire, hangedman_decor_clover_reticule, uniq_eustachio
D:5:      layout_basic, minmay_temple_entry_arrows, ebering_ghost_gozag,
          minmay_small_thing
D:6:      layout_basic, gammafunk_ghost_necromancy, uniq_grinder, uniq_duvessa
D:7:      layout_gridville, kennysheep_mini, uniq_prince_ribbit1, uniq_harold,
          uniq_joseph
D:8:      nzn_winding_woodlands_small [nzn_winding_woodlands_5x15_lazy_stream,
          nzn_winding_woodlands_center_garden,
          nzn_winding_woodlands_5x15_cabin], layout_loops_ring
D:9:      layout_basic, kennysheep_little_box, minmay_fractal_squares_5,
          uniq_grum
D:10:     layout_irregular_city, okawaru_gym_becter, uniq_erica, uniq_erolcha
D:11:     layout_roguey, dpeg_lair_monsters, nicolae_island_escapes
Temple:   minmay_crystal_spiral_temple

Skill      XL: |  1  2  3  4  5  6  7  8  9 10 11 |
---------------+----------------------------------+-----
Axes           | 3 4 5 7 9 10 12 13 | 13.2
Dodging        | 1 |  1.2
Fighting       | 3 4 5 7 8 |  8.6
Armour         | 4 5 6 7 9 10 | 10.9
Throwing       | 1 |  1.0
Shields        | 4 5 6 |  6.5
Invocations    | 3 5 7 |  7.7
Slings         | 1 |  1.1
Crossbows      | |  0.5
Stealth        | |  0.8

Action                   |  1- 3 |  4- 6 |  7- 9 | 10-12 || total
-------------------------+-------+-------+-------+-------++-------
Melee: War axe           |   115 |   168 |   230 |    88 ||   601
       Broad axe         |       |       |       |   290 ||   290
 Fire: Hand crossbow     |       |     4 |    62 |    76 ||   142
       Hunting sling     |       |       |       |     4 ||     4
Throw: Stone             |    62 |    16 |       |       ||    78
       Boomerang         |       |    33 |     8 |     3 ||    44
Invok: Minor Destruction |       |       |       |     4 ||     4
       Lesser Servant of |       |       |       |     3 ||     3
       Major Destruction |       |       |       |     2 ||     2
 Abil: Heal Wounds       |     1 |     8 |    15 |    28 ||    52
Evoke: Wand              |       |       |       |     2 ||     2
  Use: Scroll            |       |       |    15 |     6 ||    21
       Potion            |       |       |     2 |     2 ||     4
Armor: Scale mail        |    42 |    89 |    11 |       ||   142
       Chain mail        |       |       |    75 |   207 ||   282
Dodge: Dodged            |    47 |   110 |    55 |   191 ||   403
Block: Buckler           |    20 |    53 |    53 |   130 ||   256

Table legend: (Time is in decaauts)
 A = Elapsed time spent in this place.
 B = Non-inter-level travel time spent in this place.
 C = Inter-level travel time spent in this place.
 D = Time resting spent in this place.
 E = Time spent auto-exploring this place.
 F = Levels seen in this place.
 G = Mean time per level.
                   A        B        C        D        E       F      G
               +--------+--------+--------+--------+--------+-----+--------+
         Total |  10644 |  10204 |    440 |    469 |   7122 |  12 |  887.0 |
       Dungeon |  10430 |  10073 |    357 |    469 |   7009 |  11 |  948.2 |
        Temple |    213 |    130 |     83 |      0 |    113 |   1 |  213.0 |
               +--------+--------+--------+--------+--------+-----+--------+

Top non-repeatable levels by time:
     D:2: 1310 daAuts
     D:8: 1172 daAuts
     D:3: 1126 daAuts
     D:6: 1101 daAuts
     D:7: 1026 daAuts
     D:9: 1024 daAuts
     D:1: 886 daAuts
    D:10: 852 daAuts
     D:4: 838 daAuts
     D:5: 797 daAuts
    D:11: 296 daAuts
  Temple: 213 daAuts
